 Dungeon Crawl Stone Soup version 0.31.0-32-g396128a36d (webtiles) character file.

Game seed: 182574561593292378

192 mainiacjoe the Firebug (level 5, 0/31 HPs)
             Began as an Octopode Fire Elementalist on Mar 31, 2024.
             Was a Priest of Uskayaw.
             Slain by an orc wizard
             ... wielding a +0 dagger
              (1 damage)
             ... on level 3 of the Dungeon.
             The game lasted 00:09:16 (2926 turns).

mainiacjoe the Firebug (Octopode Fire Elementalist) Turns: 2926, Time: 00:09:16

Health: 0/31       AC:  1    Str:  8    XL:     5   Next: 71%
Magic:  1/9        EV: 13    Int: 19    God:    Uskayaw [***...]
Gold:   162        SH:  0    Dex: 12    Spells: 0/9 levels left

rFire   . . .        a - +2 mace (holy)
rCold   . . .        (no shield)
rNeg    . . .        (helmet restricted)
rPois   .            (no amulet)
rElec   .            (no ring)
rCorr   .            (no ring)
SInv    .            (no ring)
Will    .....        (no ring)
Stlth   ++           (no ring)
HPRegen 0.25/turn    (no ring)
MPRegen 0.11/turn    (no ring)
                     (no ring)

%: no passive effects
@: confused
A: almost no armour, amphibious, 8 rings, camouflage 1, gelatinous body 1,
(nimble swimmer 1), tentacles
a: Renounce Religion, Stomp, Line Pass


You were on level 3 of the Dungeon.
You worshipped Uskayaw.
Uskayaw was noncommittal.
You visited 1 branch of the dungeon, and saw 3 of its levels.

You collected 162 gold pieces.

Inventory:

Hand Weapons
 a - a +2 mace of holy wrath (weapon)
 b - a +0 sling
 g - a +0 dagger
Missiles
 c - 40 stones
 l - 2 javelins
 n - 2 boomerangs
Scrolls
 e - a scroll of vulnerability
Potions
 d - a potion of curing
 f - a potion of magic
 h - a potion of attraction {unknown}
 i - a potion of might
 j - a potion of degeneration {unknown}
 k - a potion of ambrosia {unknown}
 m - a potion of haste {unknown}


   Skills:
 - Level 2.0 Dodging
 - Level 2.6 Stealth
 + Level 2.9 Spellcasting
 + Level 2.3 Conjurations
 + Level 2.0 Hexes
 + Level 0.6 Translocations
 * Level 4.4 Fire Magic


You couldn't memorise any spells.
You knew the following spells:

 Your Spells              Type           Power      Damage    Failure   Level
a - Foxfire               Conj/Fire      60%        2x1d7     3%          1
b - Scorch                Fire           38%        2d6       3%          2
c - Inner Flame           Hex/Fire       15%        N/A       12%         3
d - Volatile Blastmotes   Fire/Tloc      24%        2d12      16%         3

Your spell library contained the following spells:

 Spells                   Type           Power      Damage    Failure   Level
 Flame Wave               Conj/Fire      15%        2d7       36%         4
 Fugue of the Fallen      Necr           2%         N/A       43%         3
 Ozocubu's Armour         Ice            2%         N/A       43%         3
 Manifold Assault         Tloc           5%         N/A       75%         4
 Sculpt Simulacrum        Ice/Alch       1%         N/A       100%        6
 Ozocubu's Refrigeration  Ice            1%         4d7       100%        7
 Polar Vortex             Ice            1%         N/A       100%        9


Dungeon Overview and Level Annotations

Branches:
Dungeon (3/15)

Altars:
Uskayaw
Xom

Shops:
D:2 [

Annotations:
D:3 exclusion: upstairs


Innate Abilities, Weirdness & Mutations

You cannot wear most types of armour.
You are amphibious.
You can wear up to eight rings at the same time.
Your skin changes colour to match your surroundings (Stealth+).
Your rubbery body absorbs attacks. (AC +1, EV +1)
((You are camouflaged when in or above water. (Stealth+)))
You have tentacles for arms and can constrict up to eight enemies at once.


Message History

You don't have enough magic to cast this spell.
Casting: Foxfire (safe; 3% risk of failure)
Confirm with . or Enter, or press ? or * to list all spells.
You don't have enough magic to cast this spell.
Casting: Foxfire (safe; 3% risk of failure)
Confirm with . or Enter, or press ? or * to list all spells.
You don't have enough magic to cast this spell.
Unknown command.
Casting: Foxfire (safe; 3% risk of failure)
Confirm with . or Enter, or press ? or * to list all spells.
You don't have enough magic to cast this spell.
You hit the orc. You grab the orc. You squeeze the orc.
You kill the orc!
The foxfire hits the orc.
The orc is almost dead.
You thump the orc!
You kill the orc!
You hear some strange, mumbled words.
Something tries to affect you, but you resist.
Uskayaw will force your foes to helplessly watch your dance.
Uskayaw prepares the audience for your solo!
The gnoll is no longer paralysed.
Things that are here:
a +0 club; a +0 dagger You hear some strange, mumbled words.
You are confused.
You bump into the rock wall.
You bump into the rock wall.
Something hits you.
The gnoll hits you from afar with a +0 spear.
You sock something! Your squeeze misses something. Something hits you.
The gnoll hits you from afar with a +0 spear.
* * * LOW HITPOINT WARNING * * *
Uskayaw will force your foes to helplessly watch your dance.
You miss something. Your squeeze misses something. Something hits you.
* * * LOW HITPOINT WARNING * * *
The gnoll misses you. Something hits you.
* * * LOW HITPOINT WARNING * * *
The gnoll barely misses you.
You closely miss something. Your squeeze misses something. Something hits you.
You die...

#. .#. .## #... #.
..###..# ..## #.
#.#....# # #.
#.#....##. #.
#.#.......
...###.###).......#
......)...)g......#
...####.###{....#.# #.#
#@...## # #.# #....# ##
.## #.# #..### .##.#.
#...#..# ......
###....# #####.#..#
#...>#.# ####...).#..#
#..#.##.###.[.<###.#..[
#. #.##.#...#### #.....
#. #.......#######....#


You could see a gnoll.

Vanquished Creatures
  A gnoll bouda (D:3)
  An iguana (D:3)
  6 adders
  2 dart slugs (D:2)
  2 ribbon worms
  7 orcs
  5 bats
  8 endoplasms
  3 giant cockroaches
  9 goblins
  3 hobgoblins
  2 kobolds (D:3)
  4 quokkas
  4 ball pythons (D:1)
  3 frilled lizards
  6 rats
66 creatures vanquished.

Vanquished Creatures (others)
  133 foxfires
133 creatures vanquished.

Grand Total: 199 creatures vanquished

Notes
Turn   | Place    | Note
-------+----------+-------------------------------------------
     0 | D:1      | mainiacjoe the Octopode Fire Elementalist began the quest
                  | for the Orb.
     0 | D:1      | Reached XP level 1. HP: 11/11 MP: 3/3
   251 | D:1      | Reached XP level 2. HP: 17/17 MP: 3/5
   254 | D:1      | Learned a level 2 spell: Scorch
   709 | D:1      | Reached XP level 3. HP: 21/21 MP: 3/6
   766 | D:1      | Reached skill level 1 in Hexes
  1016 | D:2      | Found a faded altar of an unknown god.
  1193 | D:2      | Found a shimmering altar of Xom.
  1389 | D:2      | Reached XP level 4. HP: 27/27 MP: 1/7
  1896 | D:2      | Prayed at the altar of an unknown god.
  1896 | D:2      | Became a worshipper of Uskayaw the Reveller
  1896 | D:2      | Reached * piety under Uskayaw
  1930 | D:3      | Reached ** piety under Uskayaw
  2158 | D:3      | Reached skill level 4 in Fire Magic
  2191 | D:3      | Reached XP level 5. HP: 31/31 MP: 1/9
  2195 | D:3      | Learned a level 3 spell: Inner Flame
  2199 | D:3      | Learned a level 3 spell: Volatile Blastmotes
  2593 | D:2      | Found Toonkamp's Armour Emporium.
  2919 | D:3      | Reached *** piety under Uskayaw
  2925 | D:3      | HP: 1/31 [something (5)]
  2926 | D:3      | Slain by an orc wizard

Illustrated notes

Levels and vault maps discovered:
D:1:      dpeg_arrival_short_road, layout_basic
D:2:      layout_basic, serial_shops, shop,
          hellmonk_ecumenical_altar_arch_garden, basic_altar
D:3:      layout_rooms, mainiacjoe_overflow_tiny_flanked

Skill      XL: |  1  2  3  4  5 |
---------------+----------------+-----
Hexes          | 1 2 |  2.0
Conjurations   | 2 |  2.3
Fire Magic     | 4 |  4.4
Dodging        | |  2.0
Stealth        | |  2.6
Spellcasting   | |  2.9
Translocations | |  0.6

Action                     |  1- 3 |  4- 6 || total
---------------------------+-------+-------++-------
  Melee: Dagger            |     3 |       ||     3
         Constrict         |     1 |     4 ||     5
         Mace              |       |     9 ||     9
         Tentacles         |       |     1 ||     1
   Fire: Sling             |     1 |       ||     1
   Cast: Foxfire           |    42 |    38 ||    80
         Scorch            |     8 |    21 ||    29
         Inner Flame       |       |     1 ||     1
         Volatile Blastmot |       |     1 ||     1
    Use: Scroll            |     2 |     3 ||     5
 Armour: Skin              |     4 |    13 ||    17
  Dodge: Dodged            |     2 |    12 ||    14
